 Dungeon Crawl Stone Soup version 0.24.0-37-gcf1ca852f1 (webtiles) character file.

Game seed: 9880789355942528780, levelgen mode: deterministic

372 McKennaii the Chopper (level 6, -1/75 HPs)
             Began as a Demonspawn Fighter on Nov 28, 2019.
             Shot with an arrow by a centaur (3 damage)
             ... on level 5 of the Dungeon.
             The game lasted 00:03:24 (3048 turns).

McKennaii the Chopper (Demonspawn Fighter)          Turns: 3048, Time: 00:03:24

Health: -1/75      AC: 11    Str: 23    XL:     6   Next: 43%
Magic:  6/6        EV:  6    Int:  9    God:
Gold:   131        SH:  9    Dex: 13    Spells: 5/5 levels left

rFire    . . .     SeeInvis .   a - +0 war axe
rCold    + . .     Gourm    .   c - +0 shield
rNeg     . . .     Faith    .   t - +0 chain mail
rPois    .         Spirit   .   (no helmet)
rElec    .         Reflect  .   (no cloak)
rCorr    .         Harm     .   (no gloves)
MR       +....                  (no boots)
Stlth    ..........             (no amulet)
HPRegen  0.22/turn              g - ring of protection from magic
MPRegen  0.10/turn              m - ring of protection from cold

@: berserking, very quick
A: claws 2, rugged brown scales 2, demonic guardian 1
a: no special abilities


You were on level 5 of the Dungeon.
You were very hungry.

You visited 1 branch of the dungeon, and saw 5 of its levels.

You collected 131 gold pieces.

Inventory:

Hand Weapons
 a - a +0 war axe (weapon)
Armour
 c - a +0 shield (worn)
 t - a +0 chain mail (worn)
Jewellery
 g - a ring of protection from magic (left claw)
 m - a ring of protection from cold (right claw)
 p - an uncursed ring of flight
Scrolls
 e - a scroll of noise {unknown}
 h - 2 scrolls of teleportation {unknown}
 i - a scroll of fog {unknown}
 j - 2 scrolls of blinking {unknown}
 k - a scroll of random uselessness {unknown}
 n - a scroll of amnesia {unknown}
 r - a scroll of identify {unknown}
 s - 2 scrolls of remove curse {unknown}
Potions
 d - a potion of might
 l - a potion of curing {unknown}
 o - a potion of agility {unknown}
 q - a potion of magic {unknown}
Comestibles
 f - 8 rations


   Skills:
 + Level 3.7 Fighting
 * Level 4.8 Axes
 + Level 3.6 Armour
 + Level 1.0 Dodging
 + Level 3.2 Shields


You had 5 spell levels left.
You didn't know any spells.
Your spell library was empty.

Dungeon Overview and Level Annotations

Branches:
Dungeon (5/15)
 Temple: D:4-7

Altars:
Fedhas
Kikubaaqudgha
Ru


Innate Abilities, Weirdness & Mutations

You have very sharp fingernails.
You are mostly covered in rugged brown scales. (AC +2, +5% HP)
A weak demonic guardian rushes to your aid.


Message History

The bush is moderately damaged.
You hit the bush but do no damage. You hit the bush.
Your shadow imp disappears in a puff of smoke!
The centaur shoots an arrow.
The arrow hits you!
* * * LOW HITPOINT WARNING * * *
Your shadow imp hits something but does no damage.
It was a potion of berserk rage.
A red film seems to cover your vision as you go berserk!
You feel yourself moving faster!
You feel mighty!
The centaur shoots an arrow.
The arrow barely misses you.
Your shadow imp hits the bush but does no damage.
The centaur unwields a +0 shortbow.
The centaur hits the bush but does no damage.
You are too berserk!
You hit the bush.
The bush is heavily damaged.
You hit the bush. x2; Your shadow imp hits something.
The centaur wields a +0 shortbow.
The centaur shoots an arrow.
The arrow hits you.
You die...

#.....# #...<.#
#.....#
####.....#######
..........((...#
.........(.(..[#
.....#(.(......#
.....5.........#
...PPPP@......<#
##.P.PPP.......#
PPcPP.#.....#
..PP........#
.PPP.........# #
#.........#
.........#
#####+###


You could see a centaur and a friendly shadow imp.

Vanquished Creatures
  A bullfrog (D:4)
  A howler monkey (D:4)
  A hound (D:5)
  2 orc priests
  3 worker ants (D:4)
  5 adders
  An ooze (D:3)
  2 worms
  A dart slug (D:4)
  2 leopard geckos
  10 orcs
  A ball python (D:2)
  A giant cockroach (D:4)
  5 goblins
  3 hobgoblins
  A quokka (D:2)
  A bat (D:3)
  5 frilled lizards
  6 kobolds
  4 rats
56 creatures vanquished.

Vanquished Creatures (others)
  A human (D:3)
1 creature vanquished.

Grand Total: 57 creatures vanquished

Notes
Turn   | Place    | Note
-------+----------+-------------------------------------------
     0 | D:1      | McKennaii the Demonspawn Fighter began the quest for the
                  | Orb.
     0 | D:1      | Reached XP level 1. HP: 18/18 MP: 1/1
   736 | D:2      | Gained mutation: You have sharp fingernails. [demonic
                  | ancestry]
   736 | D:2      | Reached XP level 2. HP: 22/24 MP: 2/2
  1016 | D:2      | Reached skill level 2 in Axes
  1091 | D:2      | Gained mutation: You are partially covered in rugged brown
                  | scales. (AC +1, +3% HP) [demonic ancestry]
  1091 | D:2      | Reached XP level 3. HP: 18/29 MP: 3/3
  1568 | D:3      | Found an ancient bone altar of Kikubaaqudgha.
  1569 | D:3      | Noticed a human
  1573 | D:3      | Killed a human
  1681 | D:3      | Reached skill level 3 in Axes
  1681 | D:3      | Gained mutation: You have very sharp fingernails. [demonic
                  | ancestry]
  1681 | D:3      | Reached XP level 4. HP: 36/36 MP: 4/4
  2174 | D:4      | Noticed a bullfrog
  2184 | D:4      | Killed a bullfrog
  2184 | D:4      | Reached skill level 4 in Axes
  2184 | D:4      | Gained mutation: You are mostly covered in rugged brown
                  | scales. (AC +2, +5% HP) [demonic ancestry]
  2184 | D:4      | Reached XP level 5. HP: 22/43 MP: 5/5
  2640 | D:4      | Reached skill level 1 in Dodging
  2640 | D:4      | Gained mutation: A weak demonic guardian rushes to your
                  | aid. [demonic ancestry]
  2640 | D:4      | Reached XP level 6. HP: 37/49 MP: 6/6
  2972 | D:4      | Found a sacrificial altar of Ru.
  3027 | D:5      | Entered Level 5 of the Dungeon
  3029 | D:5      | Found a blossoming altar of Fedhas.
  3046 | D:5      | HP: 1/50 [centaur/arrow (13)]
  3048 | D:5      | Shot with an arrow by a centaur

Levels and vault maps discovered:
D:1:      lightli_arrival_windingriver, layout_loops_ring
D:2:      layout_basic
D:3:      layout_basic, tgw_kikubaaqudgha
D:4:      minmay_angry_zag, layout_loops_ring, nicolae_ru_path_of_blood
D:5:      layout_gridville, fedhas_bush_and_centaur_altar, first_ration,
          grunt_decor_resistance

Skill      XL: |  1  2  3  4  5 |
---------------+----------------+-----
Axes           | 2 3 4 |  4.8
Armour         | 3 |  3.6
Shields        | 3 |  3.2
Dodging        | 1 |  1.0
Fighting       | |  3.7

Action                   |  1- 3 |  4- 6 || total
-------------------------+-------+-------++-------
Melee: War axe           |    81 |   119 ||   200
  Use: Potion            |       |     1 ||     1
  Eat: Chunk             |     2 |     4 ||     6
Armor: Scale mail        |    35 |    35 ||    70
       Chain mail        |       |    18 ||    18
Dodge: Dodged            |    23 |    42 ||    65
Block: Shield            |    29 |    57 ||    86
